 Dungeon Crawl Stone Soup version 0.22-a0-603-gfc1114d (webtiles) character file.

2107616 kuniqs the Talismancer (level 27, 323/323 HPs)
             Began as a Deep Dwarf Fighter on July 7, 2018.
             Was the Champion of Makhleb.
             Escaped with the Orb
             ... and 3 runes!
             The game lasted 01:47:54 (46949 turns).

kuniqs the Talismancer (Deep Dwarf Fighter)        Turns: 46949, Time: 01:47:54

Health: 323/323    AC: 55    Str: 30    XL:     27
Magic:  5/5        EV: 11    Int: 14    God:    Makhleb [******]
Gold:   6066       SH: 35    Dex: 12    Spells: 26/26 levels left

rFire    + + .     SeeInvis +   g - +9 broad axe (chop)
rCold    + + +     Gourm    .   O - +6 large shield "Kodaeqer" {rCorr}
rNeg     + . .     Faith    .   Y - +11 gold dragon scales
rPois    +         Spirit   .   h - +2 helmet {SInv}
rElec    .         Reflect  +   z - +3 cloak "Qaerphawk" {rC++ rCorr Int+2}
rCorr    +         Harm     .   Q - +3 pair of gauntlets of War {Slay+5}
MR       ++++.     Clarity  +   Z - +0 pair of boots {Fly}
Stlth    ..........             b - +5 amulet of reflection
HPRegen  0.00/turn              T - ring of protection from fire
MPRegen  0.09/turn              M - +4 ring of protection

@: non-regenerating
A: damage resistance, heal wounds, clarity, deterioration 1, low mp 1, negative
energy resistance 1, sense surroundings 3, poison resistance, robust 1, subdued
magic 1, no regeneration
0: Orb of Zot
}: 3/15 runes: decaying, serpentine, silver
a: Heal Wounds, Minor Destruction, Lesser Servant of Makhleb, Major Destruction,
Greater Servant of Makhleb, Renounce Religion, Evoke Flight


You escaped.
You worshipped Makhleb.
Makhleb was exalted by your worship.
You were very full.

You visited 10 branches of the dungeon, and saw 50 of its levels.
You visited the Abyss 1 time.
You visited 1 bazaar.
You also visited: Labyrinth and Ice Cave.

You collected 8587 gold pieces.
You spent 2521 gold pieces at shops.

Inventory:

Hand Weapons
 g - a +9 broad axe of chopping (weapon)
Armour
 h - a +2 helmet of see invisible (worn)
 z - the +3 cloak "Qaerphawk" (worn) {rC++ rCorr Int+2}
   (You found it on level 3 of the Elven Halls)

   It affects your intelligence (+2).
   It greatly protects you from cold.
   It protects you from acid and corrosion.
 O - the +6 large shield "Kodaeqer" (worn) {rCorr}
   (You found it on level 11 of the Dungeon)

   It protects you from acid and corrosion.
 Q - the +3 pair of gauntlets of War (worn) {Slay+5}
   (You found it in an ice cave)

   It affects your accuracy and damage with ranged weapons and melee attacks
   (+5).
 Y - +11 gold dragon scales (worn)
 Z - a +0 pair of boots of flying (worn)
Jewellery
 b - a +5 amulet of reflection (around neck)
 M - a +4 ring of protection (right hand)
 T - a ring of protection from fire (left hand)
Wands
 n - a wand of acid (36)
 v - a wand of disintegration (43)
 x - a wand of random effects (14)
 G - a wand of flame (139)
 J - a wand of digging (15)
 L - a wand of iceblast (28)
 R - a wand of enslavement (14)
 S - a wand of paralysis (48)
 V - a wand of clouds (6)
 X - a wand of polymorph (19)
Scrolls
 c - a scroll of summoning
 j - 3 scrolls of holy word
 q - 7 scrolls of fog
 r - 24 scrolls of remove curse {@r2}
 s - 5 scrolls of immolation
 w - 7 scrolls of magic mapping
 y - 4 scrolls of silence
 B - 7 scrolls of fear
 E - 7 scrolls of blinking
 K - 21 scrolls of teleportation
 N - 2 scrolls of vulnerability
 W - 7 scrolls of identify {@r1}
Potions
 d - 7 potions of might
 e - 12 potions of curing {@q1}
 k - 7 potions of invisibility
 l - 9 potions of heal wounds
 m - 4 potions of agility
 u - 3 potions of haste
 A - 7 potions of ambrosia
 F - a potion of lignification
 H - 4 potions of mutation
 I - 2 potions of cancellation
 U - a potion of resistance
Miscellaneous
 o - 5 boxes of beasts
 p - a fan of gales
 D - a sack of spiders
 P - a lightning rod (4/4)
Comestibles
 f - 89 rations


   Skills:
 + Level 26.1 Fighting
 - Level 18.0 Axes
 - Level 22.0 Armour
 - Level 10.0 Dodging
 - Level 20.0 Shields
 - Level 8.0 Invocations
 O Level 27 Evocations


You had 26 spell levels left.
You didn't know any spells.
Your spell library was empty.

Dungeon Overview and Level Annotations

Branches:
Dungeon (15/15)            Temple (1/1) D:6            Lair (6/6) D:11
  Swamp (4/4) Lair:2        Snake (4/4) Lair:4        Slime (0/5) Lair:5
    Orc (2/2) D:10            Elf (3/3) Orc:2        Vaults (5/5) D:14
  Crypt (0/3) Vaults:3     Depths (5/5) D:15            Zot (5/5) Depths:5

Altars:
Ashenzari
Cheibriados
Dithmenos
Elyvilon
Fedhas
Gozag
Hepliaklqana
Kikubaaqudgha
Makhleb
Nemelex Xobeh
Okawaru
Qazlal
Ru
Sif Muna
Trog
Uskayaw
Vehumet
Wu Jian
Xom
Yredelemnul
Zin
The Shining One
Jiyva
Lugonu

Shops:
D:4 (   D:6 (((:   D:8 !   D:10 *[   Orc:1 (   Orc:2 :*[(   Snake:4 }
Vaults:3 ?

Portals:
Hell: Lair:6 Depths:1 Depths:2 Depths:3 Depths:4 Depths:5
Abyss: Depths:1 Depths:4 Depths:5
Pandemonium: Depths:3
Ziggurat: Depths:3

Annotations:
D:6 1 runed door, Thaneod's ghost, amateur DEAE
Elf:2 3 runed doors
Vaults:4 3 runed doors, Tetyhuy's ghost, veteran HuFi
Depths:2 exclusions: Tzitzimitl and 3 more exclusions


Innate Abilities, Weirdness & Mutations

You are resistant to damage.
You can heal yourself by infusing magical energy.
You resist negative energy. (rN+)
You passively map a large area around you.
You do not regenerate.
You possess an exceptional clarity of mind.
Your body sometimes deteriorates upon taking damage.
Your magical capacity is low. (-10% MP)
Your system is resistant to poisons. (rPois)
You are robust. (+10% HP)
Your spells are a little easier to cast, but a little less powerful.


Message History

Nay target in view!
Tha crimson imp blinks!
Ye slash tha crimson imp!
Ye block tha crimson imp's attack.
Ye slice tha crimson imp like a ripe choko!!!
Ye kill tha crimson imp!
Makhleb accepts yer kill.
(D) Dungeon (T) Temple (L) Lair (S) Swamp (P) Snake Pit (M) Slime Pits (O) Orcish Mines (E) Elv'n Halls (V) Vaults (C) Crypt (U) Depths (H) Hell (Z) Zot Where ta? (Enter - D:1 @ (x,y), ? - help)
An Orb Guardian comes inta view.
Tha Orb Guardian hits ye but does nay damage.
Ye block tha Orb Guardian's attack.
Tha Orb Guardian hits ye but does nay damage.
Ye block tha Orb Guardian's attack.
Ye block tha Orb Guardian's attack.
Thar be a staircase leadin' outta tha dungeon 'ere.
Ye block tha Orb Guardian's attack.
Ye haf 'scaped!

..###.###.##.########.#.#######.#
........................# #.#
..##############.######## #.# .##
#####.............##### #.# .#
###..........⌠..........####..
.###...⌠.................⌠...###.
)##........⌠.........⌠........##.
...............................#.
.#...⌠.........X@..........⌠...#.
.#..........4..................#.
.##........⌠.........⌠........##.
[.##...⌠.................⌠...####
#..###..........⌠.(........###.#.
.....#####..........(..##### #.#.
.........############### #.# #.#)
.....###............######.###.#.
###### ############..............


You could see an Orb Guardian and an ice devil.

Vanquished Creatures
  2 orbs of fire (Zot:5)
  4 ancient liches (Zot:5)
  Mara (Depths:4)
  Sojobo (Vaults:2)
  Boris (Depths:4)
  Margery (Vaults:2)
  Saint Roka (Depths:4)
  2 Killer Klowns
  Vashnia (Snake:3)
  4 curse toes
  5 golden dragons
  2 caustic shrikes (Depths:5)
  Nikola (Swamp:2)
  A bone dragon (Depths:5)
  6 electric golems
  2 liches
  An Ice Fiend (IceCv)
  15 tentacled monstrosities
  A Tzitzimitl (Depths:4)
  Asterion (Vaults:2)
  4 titans (Vaults:5)
  2 deep elf blademasters (Elf:3)
  6 quicksilver dragons
  19 Orb Guardians (Zot:5)
  14 death cobs
  15 shadow dragons
  A tentacled starspawn (Abyss:4)
  5 sphinxes
  12 tengu reavers
  2 azure jellies (Swamp:4)
  2 thorn hunters
  6 draconian monks
  17 storm dragons
  7 fire giants
  7 nagarajas
  2 draconian knights
  14 frost giants
  3 iron dragons
  4 ghost moths
  17 vault wardens
  7 deep elf sorcerers
  7 deep elf elementalists
  An orc warlord (Orc:2)
  4 draconian scorchers
  7 draconian shifters
  3 draconian stormcallers (Zot:1)
  5 draconian annihilators
  A spriggan defender (Depths:3)
  19 very ugly things
  An ophan (Abyss:4)
  26 stone giants
  24 ironheart preservers
  5 deep elf demonologists
  5 black draconians
  3 vampire knights
  3 war gargoyles
  7 green draconians
  A juggernaut skeleton (Depths:2)
  2 entropy weavers
  10 yellow draconians
  8 red draconians
  6 purple draconians
  9 spark wasps
  12 deep elf annihilators
  11 white draconians
  2 eidola
  A minotaur (Lab)
  An ettin (shapeshifter) (Depths:5)
  11 yaktaur captains
  Snorg (D:14)
  16 ettins
  A crystal guardian (Vaults:5)
  5 deep elf death magi
  17 ogre magi
  A merfolk impaler (Depths:3)
  6 deep elf high priests
  10 fire dragons
  4 rakshasas
  A hell beast (Lair:6)
  6 great orbs of eyes
  35 vault guards
  6 naga warriors
  12 ice dragons
  An ice dragon (shapeshifter) (Vaults:4)
  3 spriggan air magi
  13 hydras
  A ghost crab (Swamp:3)
  An anaconda (shapeshifter) (Depths:4)
  11 anacondas
  8 centaur warriors
  10 alligators
  11 dancing weapons
  12 deep troll shamans
  A death knight (Vaults:4)
  53 two-headed ogres
  2 vampire magi
  A tengu warrior (D:14)
  A death yak (Lair:5)
  16 naga sharpshooters
  4 shock serpents
  A thrashing horror (Abyss:4)
  16 deep troll earth magi
  5 orc high priests
  3 spriggan berserkers
  8 deep elf knights
  A sun demon (Abyss:4)
  A fire crab (shapeshifter) (Vaults:1)
  3 salamander mystics
  14 hell knights
  4 iron trolls
  2 fire crabs (Lair:4)
  7 skeletal warriors
  3 spatial maelstroms (Abyss:4)
  3 shadow wraiths
  A soul eater (Depths:4)
  2 spriggan druids (Swamp:3)
  A spark wasp zombie (Depths:1)
  A shadow demon (Zot:5)
  2 large abominations (Abyss:4)
  2 unseen horrors
  11 naga ritualists
  6 starcursed masses (Abyss:4)
  3 death drakes (Depths:4)
  44 deep trolls
  3 wizards
  3 flayed ghosts
  2 orange crystal statues (Depths:4)
  2 sea snakes (Snake:4)
  5 glowing orange brains
  4 shambling mangroves
  2 swamp dragons
  A spectral hydra (Depths:4)
  27 ironbrand convokers
  5 harpies
  18 deep elf archers
  12 orc knights
  4 phantasmal warriors
  4 wolf spiders
  A fire giant zombie (Depths:2)
  7 necromancers
  6 mana vipers
  2 manticores
  5 orc sorcerers
  11 oklob plants (Zot:4)
  A moth of wrath (shapeshifter) (Vaults:3)
  25 moths of wrath
  4 cyclopes
  14 salamanders
  38 ugly things
  50 deep elf magi
  A stone giant zombie (Depths:2)
  27 naga magi
  3 guardian serpents
  A torpor snail (Lair:2)
  An ice statue (IceCv)
  10 elephants
  An apocalypse crab (Abyss:4)
  9 vault sentinels
  29 black mambas
  8 smoke demons
  A rust devil (Zot:4)
  5 gargoyles
  18 spiny frogs
  A hellion (Depths:2)
  4 orange demons
  A kobold demonologist (Depths:1)
  An efreet (D:13)
  16 freezing wraiths
  6 komodo dragons
  A yaktaur zombie (Depths:1)
  4 rime drakes
  A komodo dragon (shapeshifter) (Depths:1)
  34 yaktaurs
  A yaktaur (shapeshifter) (Vaults:5)
  A tengu conjurer (D:14)
  A hellwing (Depths:2)
  8 ice devils
  2 human skeletons (Vaults:4)
  A polar bear (shapeshifter) (Elf:1)
  2 red devils (Depths:2)
  A golden dragon simulacrum (IceCv)
  10 anaconda simulacra
  A queen bee (Orc:1)
  A spectral merfolk (Depths:4)
  A guardian mummy (Zot:3)
  6 tyrant leeches
  A harpy zombie (D:14)
  A jumping spider (shapeshifter) (Vaults:3)
  A jumping spider (Vaults:5)
  21 hornets
  7 trolls
  A spriggan skeleton (Depths:1)
  A blink frog (shapeshifter) (Vaults:1)
  5 bog bodies
  A tengu simulacrum (Vaults:3)
  7 hippogriffs
  9 raiju
  A raiju (shapeshifter) (Abyss:4)
  42 slime creatures
  A hippogriff (shapeshifter) (Vaults:5)
  A dream sheep (shapeshifter) (Depths:1)
  10 dream sheep
  A meliai zombie (D:15)
  A small abomination (Abyss:4)
  2 spriggan zombies
  7 blink frogs
  An air elemental (Elf:3)
  7 spriggans
  6 centaur simulacra
  8 wraiths
  3 redbacks
  A spriggan (shapeshifter) (Vaults:2)
  12 shadows
  34 yaks
  3 tarantellas (shapeshifter)
  4 wyverns
  2 fire bats (Lair:4)
  A vampire (Depths:4)
  A ynoxinul (Abyss:4)
  3 fire elementals
  2 hogs (shapeshifter)
  10 water elementals
  2 humans (shapeshifter)
  5 basilisks
  2 swamp worm simulacra (Swamp:4)
  9 golden eyes
  22 vampire mosquitoes
  7 hungry ghosts
  A chaos spawn (Abyss:4)
  16 swamp worms
  8 insubstantial wisps (Swamp:4)
  6 harpy simulacra (IceCv)
  2 iron troll simulacra (IceCv)
  8 wargs
  A warg (shapeshifter) (Abyss:4)
  4 acid dragons
  32 nagas
  13 water moccasins
  5 hell hounds
  A soldier ant (shapeshifter) (D:13)
  A floating eye (shapeshifter) (Depths:2)
  16 hydra simulacra
  10 porcupines
  2 soldier ants (D:8)
  A spectral troll (Depths:4)
  9 swamp drakes
  5 spectral spriggans (Depths:4)
  4 floating eyes
  44 orc warriors
  A sky beast (shapeshifter) (Depths:1)
  8 sky beasts
  3 ice beasts
  2 snapping turtle zombies (Depths:4)
  A black bear (D:9)
  2 eyes of draining
  A necrophage (D:8)
  A fire dragon simulacrum (Depths:1)
  2 ettin simulacra
  19 boggarts
  A phantom (D:5)
  9 wolves
  10 centaurs
  35 ogres
  10 crocodiles
  5 big kobolds
  4 earth elementals
  21 bullfrogs
  2 gnoll sergeants
  A wyvern zombie (D:14)
  A wyvern skeleton (D:13)
  2 water moccasin skeletons
  4 scorpions
  43 killer bees
  A spectral naga (Depths:4)
  5 spectral ogres (Depths:4)
  11 wights
  5 electric eels
  8 howler monkeys
  3 centaur zombies
  12 crimson imps
  A quasit (D:11)
  A bullfrog zombie (D:13)
  4 jellies
  9 orc priests
  5 hounds
  5 centaur skeletons
  2 iguanas
  An iron imp (Zot:4)
  10 orc wizards
  Terence (D:3)
  A bullfrog skeleton (D:11)
  8 worker ants
  2 polar bear simulacra (IceCv)
  5 troll simulacra (IceCv)
  A spriggan simulacrum (Depths:4)
  A wolf simulacrum (IceCv)
  A hound zombie (D:5)
  5 hound skeletons
  3 worker ant zombies
  A howler monkey skeleton (D:6)
  34 gnolls
  3 ogre simulacra (IceCv)
  10 adders
  6 naga simulacra
  6 white imps
  6 ufetubi (IceCv)
  An ooze (D:2)
  6 swamp drake simulacra (Swamp:4)
  4 adder skeletons
  3 worms
  8 leopard geckos
  68 orcs
  4 giant cockroaches
  9 goblins
  9 hobgoblins
  7 jackals
  25 kobolds
  2 quokkas
  2 ball pythons
  9 bats
  7 frilled lizards
  A jackal skeleton (D:5)
  2 leopard gecko skeletons (D:4)
  A quokka skeleton (D:4)
  12 rats
  7 briar patches (Swamp:2)
  11 bushes
  6 crawling corpses
  14 fungi
  10 plants
  3 starspawn tentacles (Abyss:4)
2354 creatures vanquished.

Vanquished Creatures (collateral kills)
  Rupert (Orc:2)
  Donald (Vaults:3)
  A nagaraja (Snake:4)
  Aizul (Swamp:3)
  The ghost of sking99 the Black Sun, a journeyman DsMo of Kikubaaqudgha (Lair:6)
  Josephine (Lair:6)
  5 death yaks (Lair:5)
  2 naga sharpshooters (Snake:4)
  A deep troll (Depths:5)
  A naga ritualist (Snake:4)
  A salamander (Snake:4)
  3 elephants (Lair:6)
  A naga mage (Snake:4)
  4 black mambas
  2 gargoyles (Lab)
  A troll (Orc:2)
  3 polar bears (Lair:6)
  8 dream sheep (Lair:6)
  3 wraiths (Lair:6)
  2 yaks (Lair:6)
  2 hell hounds (Lair:6)
  An orc warrior (Orc:2)
  A water moccasin (Lair:6)
47 creatures vanquished.

Vanquished Creatures (others)
  A caustic shrike (Depths:5)
  2 deep elf master archers (Elf:3)
  An ironheart preserver (Vaults:4)
  A stone giant (Depths:1)
  4 yaktaur captains
  4 centaur warriors
  2 ogre magi
  4 naga sharpshooters (Snake:4)
  A deep elf knight (Vaults:4)
  Sonja (D:14)
  An unseen horror (Vaults:1)
  A naga ritualist (Snake:4)
  3 deep elf archers
  3 deep elf magi (Elf:1)
  A cyclops (Vaults:2)
  An apocalypse crab (Abyss:4)
  10 yaktaurs
  A hornet (Depths:5)
  A golden eye (Abyss:4)
  2 swamp worms (Swamp:4)
  A warg (Depths:4)
  An elf zombie (Vaults:4)
  A centaur (Depths:3)
  An orc wizard (D:11)
  An orc (Orc:1)
  A briar patch (Swamp:2)
  30 fungi
  A lurking horror (Abyss:4)
  51 plants
  A starspawn tentacle (Abyss:4)
134 creatures vanquished.

Grand Total: 2535 creatures vanquished

Notes
Turn   | Place    | Note
-------+----------+-------------------------------------------
     0 | D:1      | kuniqs the Deep Dwarf Fighter began the quest for the Orb.
     0 | D:1      | Reached XP level 1. HP: 20/20 MP: 1/1
   124 | D:1      | Reached XP level 2. HP: 21/27 MP: 2/2
   303 | D:1      | Reached skill level 1 in Dodging
   548 | D:1      | Reached XP level 3. HP: 33/33 MP: 3/3
   649 | D:2      | Reached XP level 4. HP: 34/42 MP: 4/4
   858 | D:2      | Found an ancient bone altar of Kikubaaqudgha.
   896 | D:2      | Reached XP level 5. HP: 34/49 MP: 5/5
  1204 | D:3      | Noticed Terence
  1215 | D:3      | Killed Terence
  1558 | D:3      | Reached XP level 6. HP: 44/57 MP: 5/5
  1912 | D:4      | Found an ornate altar of the Wu Jian Council.
  1950 | D:4      | Got a steaming ring mail
  1951 | D:4      | Identified the cursed +1 ring mail of Feuxouvuwk {MR++ Int+4} (You found it on level 4 of the Dungeon)
  2197 | D:4      | Got a steaming ring mail
  2206 | D:4      | Identified the +2 ring mail of Valour {rPois rN+ Int-2} (You found it on level 4 of the Dungeon)
  2294 | D:4      | Found Fenosust's Weapon Boutique.
  2402 | D:4      | Reached XP level 7. HP: 45/64 MP: 6/6
  2660 | D:5      | Entered Level 5 of the Dungeon
  2844 | D:5      | Reached skill level 5 in Shields
  2860 | D:5      | Reached skill level 1 in Evocations
  2907 | D:5      | Reached skill level 5 in Armour
  2927 | D:5      | Reached skill level 2 in Evocations
  3070 | D:5      | Found a shimmering altar of Xom.
  3081 | D:5      | Reached XP level 8. HP: 57/73 MP: 7/9
  3160 | D:5      | Reached skill level 5 in Axes
  3160 | D:5      | Reached skill level 3 in Evocations
  3297 | D:5      | Got a sapphire hand crossbow
  3318 | D:5      | Identified the +4 hand crossbow of Tumult {elec, rF+} (You found it on level 5 of the Dungeon)
  3595 | D:6      | Got a polished ring mail
  3626 | D:6      | Found Qongi's Weapon Boutique.
  3639 | D:6      | Found a shimmering altar of Xom.
  3641 | D:6      | Found Qourph's Weapon Emporium.
  3775 | D:6      | Found Igekk's Book Emporium.
  3803 | D:6      | Found Tukohyteo's Antique Weapon Shop.
  3871 | D:6      | Found a staircase to the Ecumenical Temple.
  3898 | Temple   | Entered the Ecumenical Temple
  4095 | D:6      | Found a runed door.
  4098 | D:6      | Noticed Thaneod's ghost (amateur DEAE)
  4185 | D:6      | Reached skill level 5 in Fighting
  4185 | D:6      | Reached skill level 4 in Evocations
  4230 | D:6      | Found a burning altar of Makhleb.
  4450 | D:7      | Noticed a hippogriff
  4468 | D:7      | Killed a hippogriff
  4468 | D:7      | Reached skill level 5 in Dodging
  4499 | D:6      | Became a worshipper of Makhleb the Destroyer
  4673 | D:7      | Gained mutation: You passively map the area around you. [Deep Dwarf growth]
  4673 | D:7      | Reached XP level 9. HP: 55/81 MP: 10/10
  4703 | D:7      | Reached skill level 1 in Invocations
  4950 | D:7      | Reached skill level 5 in Evocations
  4953 | D:7      | Found a blossoming altar of Fedhas.
  4959 | D:7      | Found an opulent altar of Gozag.
  5396 | D:5      | Reached * piety under Makhleb
  5700 | D:8      | Identified the +1 ring mail of the Ban {+Blink +Fly Str-5 Dex+4} (You found it on level 6 of the Dungeon)
  5875 | D:8      | Found Kuwn's Distillery.
  5951 | D:8      | Bought a potion of mutation for 104 gold pieces
  5951 | D:8      | Bought a potion of cancellation for 104 gold pieces
  6065 | D:8      | Reached skill level 6 in Evocations
  6187 | D:8      | Reached ** piety under Makhleb
  6197 | D:8      | Reached XP level 10. HP: 65/91 MP: 12/12
  6932 | D:9      | Reached skill level 5 in Invocations
  6941 | D:9      | Noticed a purple ugly thing
  6948 | D:9      | Killed a purple ugly thing
  6948 | D:9      | Reached skill level 7 in Evocations
  6961 | D:9      | Got a polished dagger
  7011 | D:9      | Identified the +8 dagger of the Evening {pierce, rElec rF+ Int+7 Dex-4} (You found it on level 9 of the Dungeon)
  7090 | D:9      | Reached *** piety under Makhleb
  7124 | D:9      | Noticed a white ugly thing
  7135 | D:9      | Killed a white ugly thing
  7303 | D:10     | Entered Level 10 of the Dungeon
  7307 | D:10     | Found Homuig's Armour Shoppe.
  7308 | D:10     | Found a staircase to the Orcish Mines.
  7367 | D:10     | Noticed a gargoyle
  7396 | D:10     | Killed a gargoyle
  7497 | D:10     | Noticed a two-headed ogre
  7520 | D:10     | Killed a two-headed ogre
  7520 | D:10     | Reached XP level 11. HP: 82/99 MP: 13/13
  7528 | D:10     | Noticed a two-headed ogre
  7551 | D:10     | Killed a two-headed ogre
  7594 | D:10     | Reached skill level 8 in Evocations
  7874 | D:10     | Found Zotwi's Assorted Antiques.
  7907 | D:10     | Bought a scroll labeled AKOISETIGE for 26 gold pieces
  7907 | D:10     | Bought a warped copper amulet for 130 gold pieces
  7907 | D:10     | Bought a scroll of identify for 52 gold pieces
  7907 | D:10     | Identified the amulet of Hekaer {Inacc Str-2 Int+5} (You bought it in a shop on level 10 of the Dungeon)
  8158 | D:11     | Identified the +6 large shield "Kodaeqer" {rCorr} (You found it on level 11 of the Dungeon)
  8214 | D:11     | Reached **** piety under Makhleb
  8264 | D:11     | Noticed a white ugly thing
  8269 | D:11     | Killed a white ugly thing
  8304 | D:11     | Found a staircase to the Lair.
  8364 | D:11     | Noticed a two-headed ogre
  8373 | D:11     | Killed a two-headed ogre
  8865 | Lair:1   | Entered Level 1 of the Lair of Beasts
  8929 | Lair:1   | Identified the +3 mace of the Ghost {crush, +Fly rPois rN+} (You found it on level 1 of the Lair of Beasts)
  8993 | Lair:1   | Reached skill level 9 in Evocations
  9830 | Lair:2   | Reached XP level 12. HP: 110/110 MP: 15/15
 10070 | Lair:2   | Reached ***** piety under Makhleb
 10235 | Lair:2   | Found a staircase to the Swamp.
 10675 | Lair:3   | Noticed an eight-headed hydra
 10681 | Lair:3   | Killed an eight-headed hydra
 11195 | Lair:3   | Reached skill level 10 in Evocations
 11601 | Lair:4   | Reached skill level 10 in Shields
 11630 | Lair:4   | Reached skill level 10 in Armour
 11701 | Lair:4   | Found a staircase to the Snake Pit.
 11725 | Lair:4   | Found a transporter.
 11748 | Lair:4   | Found a transporter.
 11817 | Lair:4   | Reached skill level 10 in Axes
 12354 | Lair:4   | Reached XP level 13. HP: 102/118 MP: 18/18
 12598 | Lair:5   | Reached skill level 11 in Evocations
 12608 | Lair:5   | Reached skill level 10 in Dodging
 12952 | Lair:5   | Found a viscous altar of Jiyva.
 12952 | Lair:5   | Found a staircase to the Slime Pits.
 13387 | Lair:6   | Entered Level 6 of the Lair of Beasts
 13703 | Lair:6   | Reached skill level 12 in Evocations
 13730 | Lair:6   | Found a burning altar of Makhleb.
 13736 | Lair:6   | Found a gateway to Hell.
 13746 | Lair:6   | Got a pair of warped gloves
 13925 | Lair:6   | Noticed Josephine
 13932 | Lair:6   | Killed Josephine
 13942 | Lair:6   | Gained mutation: You resist negative energy. (rN+) [Deep Dwarf growth]
 13942 | Lair:6   | Reached XP level 14. HP: 73/130 MP: 13/13
 14050 | Lair:5   | Identified the +1 pair of gloves "Ocaez" {*Contam rElec Int+4 Stlth+} (You found it on level 6 of the Lair of Beasts)
 14074 | Lair:6   | Found a runed gate.
 14074 | Lair:6   | Found a runed gate.
 14074 | Lair:6   | Found a runed gate.
 14074 | Lair:6   | Noticed sking99's ghost (journeyman DsMo)
 14106 | Lair:6   | Killed sking99's ghost
 15305 | D:12     | Got a transparent cloak
 15496 | D:13     | Found a labyrinth entrance.
 15517 | Lab      | Entered a labyrinth
 15603 | Lab      | Reached skill level 10 in Fighting
 15937 | Lab      | Identified the Tome of Bewitching Aid
 16067 | D:13     | Got an encrusted mace
 16118 | D:13     | Identified the +2 cloak "Xunowoh" {Str+3} (You found it on level 12 of the Dungeon)
 16414 | D:13     | You fall through a shaft!
 16425 | D:14     | Identified the +6 mace of Teecucad {venom, rN+} (You found it on level 13 of the Dungeon)
 16591 | D:14     | Noticed Snorg
 16592 | D:14     | Noticed Sonja
 16601 | D:14     | Killed Sonja
 16606 | D:14     | Killed Snorg
 16606 | D:14     | Reached skill level 13 in Evocations
 16667 | D:14     | Reached ****** piety under Makhleb
 16869 | D:14     | Found a gate to the Vaults.
 16896 | D:15     | Entered Level 15 of the Dungeon
 17240 | D:15     | Found a staircase to the Depths.
 17240 | D:15     | Noticed a fire giant
 17277 | D:15     | Killed a fire giant
 17739 | Orc:1    | Entered Level 1 of the Orcish Mines
 17876 | Orc:2    | Entered Level 2 of the Orcish Mines
 17879 | Orc:2    | Noticed Rupert
 17913 | Orc:2    | Killed Rupert
 17917 | Orc:2    | Noticed an orc warlord
 17944 | Orc:1    | Paralysed by an orc sorcerer for 2 turns
 18210 | Orc:2    | Found Deynn's Antique Weapon Shop.
 18233 | Orc:2    | Reached XP level 15. HP: 140/140 MP: 14/14
 18293 | Orc:2    | Found Mynox's General Store.
 18329 | Orc:2    | Killed an orc warlord
 18400 | Orc:2    | Found a staircase to the Elven Halls.
 18400 | Orc:2    | Found Juseb's Antique Armour Shoppe.
 18410 | Orc:1    | Found Lepigy's Antique Weapon Shop.
 18755 | Orc:2    | Bought a pair of warped gloves for 389 gold pieces
 18755 | Orc:2    | Bought a pair of embroidered boots for 307 gold pieces
 18755 | Orc:2    | Bought a heavily runed chain mail for 389 gold pieces
 18774 | Orc:2    | Identified the +6 chain mail of the Bruised Beds {rC++} (You bought it in a shop on level 2 of the Orcish Mines)
 18933 | Orc:2    | Found Foskyrhi's Book Shoppe.
 18949 | Orc:2    | Paralysed by an orc sorcerer for 5 turns
 19378 | Swamp:1  | Entered Level 1 of the Swamp
 19411 | Swamp:1  | Reached skill level 14 in Evocations
 19605 | Swamp:1  | Noticed a thorn hunter
 19620 | Swamp:1  | Killed a thorn hunter
 19734 | Swamp:1  | Identified the +2 pair of gloves of Resilience {rC+} (You bought it in a shop on level 2 of the Orcish Mines)
 19964 | Swamp:1  | Identified a scroll of acquirement
 20314 | Swamp:2  | Reached XP level 16. HP: 151/151 MP: 12/14
 20431 | Swamp:2  | Noticed Nikola
 20453 | Swamp:2  | Killed Nikola
 20831 | Swamp:2  | Noticed a thorn hunter
 20847 | Swamp:2  | Killed a thorn hunter
 21048 | Swamp:3  | Reached skill level 15 in Evocations
 21283 | Swamp:3  | Noticed Aizul
 21297 | Swamp:3  | Reached XP level 17. HP: 134/159 MP: 14/14
 21313 | Swamp:3  | Killed Aizul
 21662 | Swamp:4  | Entered Level 4 of the Swamp
 21687 | Swamp:4  | GEE
 22118 | Swamp:4  | Got a decaying rune of Zot
 22588 | Vaults:1 | Entered Level 1 of the Vaults
 22607 | Vaults:1 | Found a flickering gateway to a bazaar.
 22642 | Bazaar   | Entered a bazaar
 22642 | Bazaar   | Found Oginacox's Antique Armour Shop.
 22642 | Bazaar   | Found Zuelax's Magic Scroll Boutique.
 22642 | Bazaar   | Found Jiraib's Jewellery Boutique.
 22642 | Bazaar   | Found Qossodit's Book Shop.
 22661 | Bazaar   | Gained mutation: You occasionally shout uncontrollably at your foes. [potion of mutation]
 22661 | Bazaar   | Gained mutation: You are partially covered in icy blue scales. (AC +2) [potion of mutation]
 22902 | Vaults:1 | Reached skill level 16 in Evocations
 23608 | Vaults:1 | Gained mutation: You passively map a large area around you. [Deep Dwarf growth]
 23608 | Vaults:1 | Reached XP level 18. HP: 170/170 MP: 14/14
 23608 | Vaults:1 | Reached skill level 15 in Shields
 23608 | Vaults:1 | Reached skill level 15 in Armour
 23608 | Vaults:1 | Reached skill level 15 in Axes
 24066 | Vaults:2 | Noticed Asterion
 24088 | Vaults:2 | Killed Asterion
 24324 | Vaults:2 | Reached skill level 17 in Evocations
 24463 | Vaults:2 | Noticed Sojobo
 24545 | Vaults:2 | Killed Sojobo
 24790 | Vaults:2 | Noticed Margery
 24824 | Vaults:2 | Killed Margery
 25274 | Vaults:3 | Found a staircase to the Crypt.
 25397 | Vaults:3 | Found Zilycraiwa's Magic Scroll Emporium.
 25429 | Vaults:3 | Reached XP level 19. HP: 181/181 MP: 13/13
 25439 | Vaults:3 | Paralysed by an ogre mage for 5 turns
 25695 | Vaults:3 | Reached skill level 18 in Evocations
 25896 | Vaults:3 | Noticed Donald
 25909 | Vaults:3 | Killed Donald
 26929 | Vaults:4 | Reached XP level 20. HP: 192/192 MP: 15/15
 27069 | Vaults:4 | Reached skill level 19 in Evocations
 27395 | Vaults:4 | GEE A RATION
 27633 | Vaults:4 | Found a runed gate.
 27633 | Vaults:4 | Found a runed gate.
 27633 | Vaults:4 | Found a runed gate.
 27736 | Vaults:4 | Noticed Tetyhuy's ghost (veteran HuFi)
 27789 | Vaults:5 | Entered Level 5 of the Vaults
 28014 | Vaults:5 | V5 IS HARD GUYZ
 28076 | Vaults:5 | Reached skill level 15 in Fighting
 28339 | Vaults:5 | Reached XP level 21. HP: 191/201 MP: 13/13
 28388 | Vaults:5 | Reached skill level 20 in Evocations
 28620 | Vaults:5 | Got a silver rune of Zot
 29010 | Vaults:5 | Noticed a golden dragon
 29028 | Vaults:5 | Killed a golden dragon
 29365 | Vaults:5 | Found the +4 robe of Augmentation {Str+4 Int+4 Dex+4}
 29973 | Elf:1    | Entered Level 1 of the Elven Halls
 30188 | Elf:1    | Reached XP level 22. HP: 213/213 MP: 15/15
 30238 | Elf:1    | Reached skill level 21 in Evocations
 31141 | Elf:2    | Found a runed gate.
 31143 | Elf:2    | Found a runed gate.
 31146 | Elf:2    | Found a runed gate.
 31343 | Elf:3    | Entered Level 3 of the Elven Halls
 31364 | Elf:3    | Found a frozen archway.
 31368 | IceCv    | Entered an ice cave
 31833 | IceCv    | Found the +3 pair of gauntlets of War {Slay+5}
 31840 | IceCv    | GRRR
 32068 | Elf:3    | Identified the +3 cloak "Qaerphawk" {rC++ rCorr Int+2} (You found it on level 3 of the Elven Halls)
 32357 | Elf:3    | Got a glittering iron amulet
 32358 | Elf:3    | Identified the amulet of Owkiyr {Gourm Dex+7} (You found it on level 3 of the Elven Halls)
 33325 | Depths:1 | Entered Level 1 of the Depths
 33471 | Depths:1 | Found a one-way gate to the infinite horrors of the Abyss.
 33662 | Depths:1 | You are sucked into a shaft!
 33816 | Depths:2 | Paralysed by a floating eye for 4 turns
 33826 | Depths:2 | Reached skill level 22 in Evocations
 33914 | Depths:2 | Reached XP level 23. HP: 223/223 MP: 16/16
 34294 | Depths:2 | Paralysed by a floating eye for 3 turns
 34515 | Depths:2 | Found the +9 sword of Zonguldrok {reap}
 35597 | Depths:3 | Found a one-way gate leading to the halls of Pandemonium.
 35802 | Depths:3 | Found a gateway to a ziggurat.
 36190 | Depths:4 | Noticed Mara
 36193 | Depths:4 | Reached skill level 23 in Evocations
 36199 | Depths:4 | Noticed kuniqs's illusion
 36210 | Depths:4 | Killed Mara
 36302 | Depths:4 | Noticed Boris
 36336 | Depths:4 | Killed Boris
 36399 | Depths:4 | Reached XP level 24. HP: 236/236 MP: 11/16
 36610 | Depths:4 | Noticed Saint Roka
 36645 | Depths:4 | Killed Saint Roka
 36645 | Depths:4 | Reached skill level 24 in Evocations
 37343 | Depths:5 | Entered Level 5 of the Depths
 37426 | Depths:5 | Paralysed by a floating eye for 4 turns
 37468 | Depths:5 | Found a corrupted altar of Lugonu.
 37612 | Depths:5 | Paralysed by a floating eye for 4 turns
 37856 | Depths:5 | Reached skill level 25 in Evocations
 37899 | Depths:5 | Found a gate to the Realm of Zot.
 38635 | Snake:1  | Entered Level 1 of the Snake Pit
 40464 | Snake:3  | Reached XP level 25. HP: 252/252 MP: 17/17
 40566 | Snake:3  | Found a hide-covered altar of Uskayaw.
 40609 | Snake:3  | Noticed Vashnia
 40628 | Snake:3  | Killed Vashnia
 40833 | Snake:4  | Entered Level 4 of the Snake Pit
 41288 | Snake:4  | Reached skill level 26 in Evocations
 41295 | Snake:4  | Found Iskulaci's Gadget Boutique.
 41475 | Snake:4  | Got a serpentine rune of Zot
 41545 | Snake:4  | Bought a box of beasts for 300 gold pieces
 41545 | Snake:4  | Bought a wand of acid (5) for 270 gold pieces
 41545 | Snake:4  | Bought a wand of acid (4) for 240 gold pieces
 41545 | Snake:4  | Bought a wand of iceblast (10) for 210 gold pieces
 42177 | Zot:1    | Entered Level 1 of the Realm of Zot
 42882 | Zot:2    | Reached skill level 27 in Evocations
 43516 | Zot:3    | Reached XP level 26. HP: 267/267 MP: 17/17
 43656 | Zot:3    | Got a crude bronze ring
 43657 | Zot:3    | Identified the ring of Gigixope {rPois Stlth+} (You found it on level 3 of the Realm of Zot)
 44366 | Zot:3    | Cast into level 4 of the Abyss (a Zot trap)
 44367 | Abyss:4  | SIGH
 44563 | Abyss:4  | Gained mutation: Scrolls take you a little longer to read. [a neqoxec]
 44565 | Abyss:4  | Lost mutation: Scrolls take you a little longer to read. [potion of mutation]
 44565 | Abyss:4  | Lost mutation: You are partially covered in icy blue scales. (AC +2) [potion of mutation]
 44565 | Abyss:4  | Lost mutation: You occasionally shout uncontrollably at your foes. [potion of mutation]
 44565 | Abyss:4  | Gained mutation: Your system is resistant to poisons. (rPois) [potion of mutation]
 44565 | Abyss:4  | Gained mutation: Your spells are a little easier to cast, but a little less powerful. [potion of mutation]
 44565 | Abyss:4  | Gained mutation: Your body sometimes deteriorates upon taking damage. [potion of mutation]
 44565 | Abyss:4  | Gained mutation: You are robust. (+10% HP) [potion of mutation]
 44684 | Abyss:4  | Paralysed by accursed screaming for 1 turns
 44691 | Zot:3    | Escaped the Abyss
 45804 | Zot:5    | Entered Level 5 of the Realm of Zot
 46036 | Zot:5    | Reached XP level 27. HP: 313/313 MP: 11/11
 46052 | Zot:5    | Noticed an ancient lich
 46067 | Zot:5    | Killed an ancient lich
 46137 | Zot:5    | Noticed an orb of fire
 46149 | Zot:5    | Killed an orb of fire
 46183 | Zot:5    | Noticed an orb of fire
 46194 | Zot:5    | Gained mutation: Your magical capacity is low. (-10% MP) [an orb of fire]
 46197 | Zot:5    | Noticed an ancient lich
 46200 | Zot:5    | Noticed an ancient lich
 46201 | Zot:5    | Gained mutation: You possess an exceptional clarity of mind. [an orb of fire]
 46202 | Zot:5    | Killed an orb of fire
 46215 | Zot:5    | Killed an ancient lich
 46225 | Zot:5    | Killed an ancient lich
 46246 | Zot:5    | Noticed an ancient lich
 46257 | Zot:5    | Killed an ancient lich
 46394 | Zot:5    | Got the Orb of Zot
 46949 | D:$      | Escaped with the Orb!

Vault maps used:
D:1:      dpeg_arrival_water_temple_mockup
D:2:      kiku_gazebo_garden_becter, grunt_decor_arrowhead,
          kennysheep_minor_cross
D:3:      uniq_terence
D:4:      lemuel_round_altar, first_ration, serial_shops, kennysheep_mini_moat
D:5:      led_xom_imps
D:6:      nicolae_overflow_hidden_temple, minmay_temple_entry_statues,
          gammafunk_ghost_grave, basic_altar, serial_shops, shop, shop,
          nicolae_shop_waterfront, shop
D:7:      amethyst_overflow_temple_binary
D:8:      serial_shops, shop, hangedman_pestilent_swarm
D:9:      minmay_checkerbox
D:10:     orc_david_3, serial_shops, nicolae_shop_window_shopping,
          kennysheep_generic_room_5
D:11:     david_lair_shrubbed
D:13:     lab_entry_generic
D:14:     erik_vaults_1, minmay_misc_feat_more_columns, lemuel_statue_altar,
          uniq_sonja, uniq_snorg
D:15:     grunt_enter_depths_giant_problem, fountainhead
Temple:   minmay_crystal_spiral_temple
Lair:1:   beast_lair_carwin_6
Lair:2:   swamp_mist, fungi_pond_lemuel, serial_bayou_shore_b
Lair:4:   gammafunk_cloud_chamber, dummy_snake_entry, infiniplex_staircase_pool
Lair:5:   dpeg_slime_entry_enclosed_altar, grunt_megastairs_5,
          serial_bayou_shore_a
Lair:6:   evil_forest, ebering_ghost_rock_garden, kilobyte_rumbling_trees,
          infiniplex_staircase_pool_2, uniq_josephine
Swamp:1:  evilmike_swamp_ruin_wall
Swamp:2:  nicolae_swamp_fairy_circle, swamp_pool2, uniq_nikola
Swamp:3:  nicolae_swamp_trees_clearing, uniq_aizul
Swamp:4:  swamp_icy, swamp_pool2
Snake:1:  nicolae_snake_salamander_stairs, grunt_megastairs_4
Snake:2:  hangedman_snake_corridor_cut
Snake:3:  basic_altar, uniq_vashnia
Snake:4:  snake_pit, serial_shops, shop, serial_bayou_lagoon_a
Orc:1:    special_room, serial_shops, shop
Orc:2:    grunt_orc_gardens, grunt_orc_garden, grunt_orc_garden,
          grunt_orc_garden, grunt_orc_garden, special_room, uniq_rupert
Elf:1:    minmay_elf_arrival_plus, minmay_elf_annihilation
Elf:3:    elf_hall, portal_ice_cave_entry_pillars_four
Vaults:1: nicolae_vaults_little_squares_2, v_misc_28, hangedman_vaults_maws,
          grunt_vaults_swirl, ontoclasm_vaults_idyll,
          dpeg_vaults_pockets_of_resistance, ontoclasm_vaults_ring_large,
          v_pattern_5, nicolae_vaults_shelves_hall, vaults_dpeg_ring,
          vaults_room_fours, hangedman_vaults_corner_blocks,
          nicolae_vaults_shelves_hall, v_misc_15, nicolae_vaults_specimen_jars,
          vaults_dpeg_hooks, serial_shops, bzr_entry_lakeside
Vaults:2: grunt_vaults_hallway_long, v_alt_pattern_6, vaults_dpeg_cross,
          st_cells, v_misc_5, vaults_dpeg_spiral, hangedman_vaults_nodes,
          ontoclasm_vaults_gateway, ontoclasm_vaults_ligature, v_misc_23,
          uniq_margery, uniq_sojobo, uniq_asterion
Vaults:3: vaults_room_large_hall, st_quartered_hall, nicolae_vaults_big_ls,
          v_misc_15, v_misc_13, v_misc_22, nicolae_vaults_rhombus_6,
          nicolae_vaults_mini_display_case, dpeg_vaults_monster_box,
          ontoclasm_vaults_loading_screen, ontoclasm_vaults_tryst, serial_shops,
          shop_fountains, uniq_donald
Vaults:4: gammafunk_vaults_ghost_spectres, v_misc_26, vaults_mumra_minichess,
          st_check, ontoclasm_vaults_ring_large, vaults_standard_mumra_lines,
          vaults_standard_mumra_enter_the_diamond
Depths:1: marbit_kobold_abyss_entry, hell_entry, minmay_hedge_maze,
          minmay_misc_feat_chi, spider_trap, minmay_evil_grid
Depths:2: cheibrodos_tormentor_scu, hellmouth_1, roderic_lattice_a, spider_trap,
          grunt_ministairs_12, kennysheep_generic_room_9
Depths:3: evilmike_cross, enter_ziggurat_e, pf_coc_iceberg,
          minmay_misc_feat_roman, pan_entry, spider_trap
Depths:4: lemuel_river_lethe, hell_entry, serial_shops, abyss_entry, uniq_mara,
          uniq_boris, uniq_saint_roka
Depths:5: evilmike_zot_entry_hall, abyss_entry_flame_altar,
          grunt_hell_entry_dis_mu, nicolae_water_bricks
Zot:1:    lemuel_draconian_sentries_small
Zot:3:    hangedman_zot_vaults_quadrants
Zot:4:    grunt_zot_stairs_overgrown, zot_minivault_1
Abyss:4:  minivault_20, due_evilmike_abyss_rune_seething_liches
Lab:      labyrinth_spiral, nicolae_lab_x, nicolae_lab_plus,
          nicolae_lab_flowing_pool, nicolae_lab_stuck, labyrinth_glass_1,
          nicolae_lab_do_over, nicolae_lab_blocks, lab_statue,
          nicolae_lab_checkerboard, nicolae_lab_grate_2, nicolae_lab_arrow,
          nicolae_lab_starburst
Bazaar:   bazaar_minmay_trees
IceCv:    ice_cave_caverns_01

Skill      XL: |  1  2  3  4  5  6  7  8  9 10 11 12 13 14 15 16 17 18 19 20 21 22 23 24 25 26 27 |
---------------+----------------------------------------------------------------------------------+-----
Dodging        | 1 2 3 4 5 6 7 8 9 10 | 10.0
Fighting       | 3 4 5 6 7 8 9 10 11 12 13 14 15 16 18 19 21 24 26 | 26.1
Axes           | 3 4 5 6 7 8 10 11 12 13 14 15 16 17 18 | 18.0
Shields        | 4 5 6 7 8 9 10 11 12 13 14 15 16 17 18 19 20 | 20.0
Armour         | 4 5 6 7 8 9 10 11 12 13 14 15 16 17 19 20 22 | 22.0
Evocations     | 2 4 6 7 9 10 12 13 14 15 16 17 18 19 20 22 23 25 27 | 27.0
Invocations    | 3 6 7 8 |  8.0

Action                   |  1- 3 |  4- 6 |  7- 9 | 10-12 | 13-15 | 16-18 | 19-21 | 22-24 | 25-27 || total
-------------------------+-------+-------+-------+-------+-------+-------+-------+-------+-------++-------
Melee: War axe           |    46 |       |   130 |    43 |  1299 |       |       |       |       ||  1518
       Dagger            |    54 |   349 |   644 |   330 |   179 |       |       |       |       ||  1556
       Morningstar       |       |       |    49 |   198 |   125 |       |       |       |       ||   372
       Broad axe         |       |       |       |       |    16 |  1033 |  1372 |  1848 |  1336 ||  5605
 Fire: Hand crossbow     |       |       |     8 |   403 |       |       |       |       |       ||   411
Throw: Throwing net      |       |       |       |     4 |     5 |       |       |       |       ||     9
Invok: Lesser Servant of |       |       |       |       |    19 |     6 |     2 |       |     9 ||    36
 Abil: Heal Wounds       |     1 |     2 |    11 |     9 |    22 |    13 |    12 |     8 |    22 ||   100
       Stop Flying       |       |       |       |       |       |       |     1 |     2 |       ||     3
       Evoke Flight      |       |       |       |       |       |       |       |     2 |       ||     2
Evoke: Wand              |       |       |     8 |    31 |    92 |    37 |     5 |    66 |    19 ||   258
       Lightning rod     |       |       |       |       |       |       |       |     4 |       ||     4
  Use: Scroll            |       |     8 |     6 |    13 |    14 |     9 |     6 |    17 |    25 ||    98
       Potion            |       |       |     1 |     4 |     3 |     2 |       |     4 |     7 ||    21
 Stab: Distracted        |       |       |     1 |       |    11 |     1 |       |     2 |     1 ||    16
       Paralysed         |       |       |       |       |    26 |     4 |       |     1 |       ||    31
       Confused          |       |       |       |       |     3 |       |       |       |       ||     3
       Invisible         |       |       |       |       |       |       |       |       |     2 ||     2
  Eat: Chunk             |       |     6 |    24 |    38 |    24 |    19 |    15 |    14 |     2 ||   142
       Ration            |       |       |     1 |       |     1 |       |     2 |     6 |     8 ||    18
Armor: Scale mail        |    39 |    20 |       |       |       |       |       |       |       ||    59
       Chain mail        |       |    99 |   285 |    48 |    91 |   417 |   283 |    85 |       ||  1308
       Plate armour      |       |       |       |   269 |   494 |       |       |       |       ||   763
       Storm dragon scal |       |       |       |       |       |       |       |   406 |   254 ||   660
       Gold dragon scale |       |       |       |       |       |       |       |       |   307 ||   307
       Skin              |       |       |       |       |       |       |       |       |    13 ||    13
Dodge: Dodged            |    29 |    95 |   339 |   381 |   708 |   292 |   189 |   385 |   289 ||  2707
Block: Shield            |    65 |   197 |   464 |   281 |       |       |       |       |       ||  1007
       Large shield      |       |       |       |   615 |  2494 |  1615 |  1519 |  2338 |  1827 || 10408
       Reflection        |       |       |       |       |    24 |    67 |   122 |   137 |   127 ||   477

Table legend:
 A = Spawn XP
 B = Non-spawn XP
 C = Spawn XP percentage of total XP
 D = Spawn monster count
 E = Non-spawn monster count
 F = Spawn count percentage of total count
 G = Total turns spent on level
                    A         B        C        D         E        F      G
               +---------+---------+-------+---------+---------+-------+---------
         Total |    7776 | 1579900 |   0.5 |      27 |    2355 |   1.1 | 46949
               +---------+---------+-------+---------+---------+-------+---------
           D:1 |       0 |      42 |   0.0 |       0 |      27 |   0.0 |   620
           D:2 |       0 |     190 |   0.0 |       0 |      26 |   0.0 |   604
           D:3 |       0 |     178 |   0.0 |       0 |      26 |   0.0 |   812
           D:4 |       0 |     330 |   0.0 |       0 |      19 |   0.0 |   940
           D:5 |       0 |    1394 |   0.0 |       0 |      27 |   0.0 |  1077
           D:6 |       0 |     571 |   0.0 |       0 |      16 |   0.0 |   807
           D:7 |       0 |    1259 |   0.0 |       0 |      18 |   0.0 |   827
           D:8 |       0 |    2361 |   0.0 |       0 |      58 |   0.0 |  1000
           D:9 |       0 |    3258 |   0.0 |       0 |      36 |   0.0 |   615
          D:10 |       0 |    4529 |   0.0 |       0 |      28 |   0.0 |   928
          D:11 |       0 |    4171 |   0.0 |       0 |      27 |   0.0 |  1042
          D:12 |       0 |    4000 |   0.0 |       0 |      33 |   0.0 |   856
          D:13 |       0 |    3278 |   0.0 |       0 |      18 |   0.0 |   672
          D:14 |       0 |    8532 |   0.0 |       0 |      22 |   0.0 |   561
          D:15 |       0 |    5809 |   0.0 |       0 |      14 |   0.0 |   808
        Lair:1 |       0 |    3215 |   0.0 |       0 |      15 |   0.0 |  1091
        Lair:2 |       0 |    5150 |   0.0 |       0 |      25 |   0.0 |  1026
        Lair:3 |       0 |    5387 |   0.0 |       0 |      19 |   0.0 |  1023
        Lair:4 |       0 |    9679 |   0.0 |       0 |      28 |   0.0 |  1127
        Lair:5 |       0 |    7284 |   0.0 |       0 |      24 |   0.0 |   862
        Lair:6 |       0 |   19792 |   0.0 |       0 |      74 |   0.0 |  1133
       Swamp:1 |       0 |   17495 |   0.0 |       0 |      46 |   0.0 |   907
       Swamp:2 |       0 |   11311 |   0.0 |       0 |      19 |   0.0 |   732
       Swamp:3 |       0 |   20420 |   0.0 |       0 |      52 |   0.0 |   690
       Swamp:4 |       0 |   18184 |   0.0 |       0 |      57 |   0.0 |   749
       Snake:1 |       0 |   18582 |   0.0 |       0 |      37 |   0.0 |  1253
       Snake:2 |       0 |   14009 |   0.0 |       0 |      29 |   0.0 |   556
       Snake:3 |       0 |   14552 |   0.0 |       0 |      17 |   0.0 |   465
       Snake:4 |       0 |   60107 |   0.0 |       0 |      96 |   0.0 |  1044
         Orc:1 |       0 |    5588 |   0.0 |       0 |      59 |   0.0 |   737
         Orc:2 |       0 |   12982 |   0.0 |       0 |      46 |   0.0 |   820
         Elf:1 |       0 |   32366 |   0.0 |       0 |      56 |   0.0 |   852
         Elf:2 |       0 |   10211 |   0.0 |       0 |      16 |   0.0 |   556
         Elf:3 |       0 |   52480 |   0.0 |       0 |      40 |   0.0 |   994
      Vaults:1 |       0 |   65962 |   0.0 |       0 |      99 |   0.0 |  1585
      Vaults:2 |       0 |   54454 |   0.0 |       0 |      58 |   0.0 |  1299
      Vaults:3 |       0 |   66659 |   0.0 |       0 |      77 |   0.0 |  1262
      Vaults:4 |       0 |   78838 |   0.0 |       0 |     121 |   0.0 |  1468
      Vaults:5 |       0 |  185869 |   0.0 |       0 |     163 |   0.0 |  1889
      Depths:1 |       0 |   44947 |   0.0 |       0 |      56 |   0.0 |   791
      Depths:2 |       0 |   66787 |   0.0 |       0 |      86 |   0.0 |  1331
      Depths:3 |       0 |   38293 |   0.0 |       0 |      40 |   0.0 |   859
      Depths:4 |       0 |   94685 |   0.0 |       0 |     149 |   0.0 |  1165
      Depths:5 |       0 |   68361 |   0.0 |       0 |      57 |   0.0 |   990
         Zot:1 |       0 |   21451 |   0.0 |       0 |      12 |   0.0 |   456
         Zot:2 |       0 |   48995 |   0.0 |       0 |      31 |   0.0 |   780
         Zot:3 |       0 |   93778 |   0.0 |       0 |      56 |   0.0 |  1216
         Zot:4 |       0 |   71196 |   0.0 |       0 |      48 |   0.0 |   994
         Zot:5 |       0 |  172320 |   0.0 |       0 |      62 |   0.0 |   648
       Abyss:4 |    7776 |   12498 |  38.4 |      27 |      17 |  61.4 |   325
           Lab |       0 |    4179 |   0.0 |       0 |      14 |   0.0 |   429
         IceCv |       0 |   11932 |   0.0 |       0 |      59 |   0.0 |   482
               +---------+---------+-------+---------+---------+-------+---------
